 Dungeon Crawl Stone Soup version 0.29.0-4-gdea44cf6ec (webtiles) character file.

Game seed: 3928576595515201706

51 qw the Chopper (level 3, 0/35 HPs)
             Began as an Ogre Enchanter on Sept 4, 2022.
             Slain by a gnoll
             ... wielding a +0 flail
              (6 damage)
             ... on level 2 of the Dungeon.
             The game lasted 00:00:53 (2333 turns).

qw the Chopper (Ogre Enchanter)                     Turns: 2333, Time: 00:00:54

Health: 0/35       AC:  3    Str: 14    XL:     3   Next: 81%
Magic:  6/6        EV:  9    Int: 16    God:
Gold:   70         SH:  0    Dex:  9    Spells: 6/6 levels left

rFire   . . .      SeeInvis .   Y - +0 spear
rCold   . . .      Faith    .   (no shield)
rNeg    . . .      Spirit   .   b - +0 robe
rPois   .          Reflect  .   (helmet restricted)
rElec   .          Harm     .   (no cloak)
rCorr   .          Rampage  .   (gloves unavailable)
Will    .....                   (boots unavailable)
Stlth   ++........              (no amulet)
HPRegen 0.11/turn               (no ring)
MPRegen 0.10/turn               (no ring)

@: no status effects
A: large, unfitting armour, tough skin 1
a: no special abilities


You were on level 2 of the Dungeon.
You visited 1 branch of the dungeon, and saw 2 of its levels.

You collected 70 gold pieces.


Innate Abilities, Weirdness & Mutations

You are too large for most types of armour.
You have tough skin. (AC +1)


   Skills:
 - Level 2.0 Fighting
 - Level 0.8 Short Blades
 + Level 2.8 Axes
 - Level 1.7 Dodging
 - Level 2.1 Stealth
 - Level 2.4 Spellcasting
 - Level 2.6 Hexes


You had 6 spell levels left.
You didn't know any spells.
Your spell library contained the following spells:

 Spells                   Type           Power      Damage    Failure   Level
 Ensorcelled Hibernation  Hex/Ice        12%        N/A       17%         2
 Confusing Touch          Hex            10%        N/A       21%         3
 Tukima's Dance           Hex            10%        N/A       21%         3
 Dazzling Flash           Conj/Hex       12%        N/A       34%         3

Inventory:

Hand Weapons
 Y - a +0 spear (weapon)
Armour
 b - a +0 robe (worn)
Jewellery
 i - a ring of fire
Potions
 a - a potion of curing {unknown}
 d - a potion of resistance {unknown}
 k - a potion of cancellation {unknown}

Dungeon Overview and Level Annotations

Branches:
Dungeon (2/15)

Altars:


Message History

You miss the bat. The bat hits you but does no damage.
You hit the bat.
You kill the bat!
Found a stone staircase leading down.
Enter note:
Found a spear.
You now have 70 gold pieces (gained 11).
Found a stone staircase leading up.
Enter note:
Enter note: 2 gnolls come into view.
2222 ||| Stepping ~*~*~tactically~*~*~ (hiding).
You start waiting.
Done waiting.
The gnoll shouts!
2324 ||| Stepping ~*~*~tactically~*~*~ (stealth).
You catch the helpless gnoll completely off-guard!
You hit the gnoll but do no damage. The gnoll hits you with a +0 spear.
You hit the gnoll.
The gnoll is moderately wounded.
A gnoll comes into view. It is wielding a +0 spear.
The gnoll hits you with a +0 spear.
2328 ||| Stepping ~*~*~tactically~*~*~ (stealth).
You hit the gnoll.
The gnoll is almost dead.
The gnoll hits you with a +0 spear.
You hit the gnoll.
You kill the gnoll!
You hit the gnoll.
The gnoll is moderately wounded.
The gnoll hits you with a +0 flail!
You completely miss the gnoll.
The gnoll is lightly wounded.
The gnoll hits you with a +0 flail!
You hit the gnoll.
The gnoll is severely wounded.
The gnoll hits you with a +0 flail.
You die...

## #.# ### ###
#<###.## ##..
#@#...## #...
##g....# ### #...
#.#...####)####...
#g###..............
#.# #####.....####.
#g ##...## #. #
##.## #. #.# #> #.#
#.


You could see a gnoll.

Vanquished Creatures
  A gnoll (D:2)
  An adder (D:2)
  3 bats
  An endoplasm (D:1)
  A giant cockroach (D:1)
  3 goblins (D:1)
  5 hobgoblins
  2 jackals
  6 kobolds
  2 ball pythons (D:1)
  4 frilled lizards
  2 rats
31 creatures vanquished.

Notes
Turn   | Place    | Note
-------+----------+-------------------------------------------
     0 | D:1      | qw the Ogre Enchanter began the quest for the Orb.
     0 | D:1      | Reached XP level 1. HP: 16/16 MP: 3/3
     0 | D:1      | 0 ||| qw: Version: 0.1-a-103-gd6f5d3a
     0 | D:1      | 0 ||| qw: Game counter: 5549
     0 | D:1      | 0 ||| qw: Always use a shield: true
     0 | D:1      | 0 ||| qw: God list: Okawaru
     0 | D:1      | 0 ||| qw: Allow faded altars: false
     0 | D:1      | 0 ||| qw: Do Orc after D:15 true
     0 | D:1      | 0 ||| qw: Do second Lair branch before Depths: true
     0 | D:1      | 0 ||| qw: Lair rune preference: random
     0 | D:1      | 0 ||| qw: Plans: Normal
     0 | D:1      | 0 ||| PLANNING D:1-11
   344 | D:1      | Reached skill level 1 in Axes
   555 | D:1      | 555 ||| SWAPPING to +0 club.
   556 | D:1      | 556 ||| DROPPING +1 dagger.
   574 | D:1      | Reached skill level 1 in Fighting
   630 | D:1      | 630 ||| SWAPPING to +0 spear.
   631 | D:1      | 631 ||| DROPPING +0 club.
   661 | D:1      | Reached XP level 2. HP: 22/27 MP: 5/5
   868 | D:1      | 868 ||| Stepping ~*~*~tactically~*~*~ (stealth).
   878 | D:1      | 878 ||| Stepping ~*~*~tactically~*~*~ (stealth).
  1128 | D:1      | 1128 ||| Stepping ~*~*~tactically~*~*~ (stealth).
  1318 | D:1      | Found a faded altar of an unknown god.
  1449 | D:1      | 1449 ||| READING scroll labelled WEYXAOCUDGH.
  1450 | D:1      | 1450 ||| READING scroll labelled POELUM LOPHALANO.
  1454 | D:1      | 1454 ||| READING 3 scrolls labelled SEIBOD TIBLOE.
  1455 | D:1      | 1455 ||| READING scroll labelled QUEJIV GIRUKO.
  1456 | D:1      | 1456 ||| DROPPING 2 potions of invisibility.
  1457 | D:1      | 1457 ||| DROPPING 2 scrolls of blinking.
  1474 | D:2      | 1474 ||| STAIRDANCE
  1580 | D:2      | 1580 ||| STAIRDANCE
  1633 | D:2      | 1633 ||| Stepping ~*~*~tactically~*~*~ (stealth).
  1757 | D:2      | Reached XP level 3. HP: 35/35 MP: 6/6
  1790 | D:2      | 1790 ||| Stepping ~*~*~tactically~*~*~ (stealth).
  1814 | D:2      | HP: 8/35 [hobgoblin (4)]
  2074 | D:2      | 2074 ||| Stepping randomly (stuck).
  2076 | D:2      | 2076 ||| Stepping randomly (stuck).
  2077 | D:2      | 2077 ||| Stepping randomly (stuck).
  2078 | D:2      | 2078 ||| Stepping randomly (stuck).
  2156 | D:2      | Identified the +0 leather armour of Crawling {rPois rC-
                  | Str+5}
  2222 | D:2      | 2222 ||| Stepping ~*~*~tactically~*~*~ (hiding).
  2324 | D:2      | 2324 ||| Stepping ~*~*~tactically~*~*~ (stealth).
  2328 | D:2      | 2328 ||| Stepping ~*~*~tactically~*~*~ (stealth).
  2332 | D:2      | HP: 6/35 [gnoll/+0 flail (10)]
  2333 | D:2      | Slain by a gnoll

Levels and vault maps discovered:
D:1:      dpeg_arrival_connections, layout_basic,
          hellmonk_ecumenical_altar_heavens_door, nicolae_hexahallways
D:2:      layout_loops_corners, minmay_surrounded

Skill      XL: |  1  2  3 |
---------------+----------+-----
Axes           | 1 2 |  2.8
Fighting       | 1 2 |  2.0
Short Blades   | |  0.8
Dodging        | |  1.7
Stealth        | |  2.1
Spellcasting   | |  2.4
Hexes          | |  2.6

Action                   || total
-------------------------++-------
Melee: Dagger            ||    31
       Spear             ||   117
       Club              ||     3
       Punch             ||     1
  Use: Scroll            ||     4
 Stab: Sleeping          ||     1
       Distracted        ||     1
Armor: Robe              ||    41
Dodge: Dodged            ||    46

Table legend:
 A = Non-vault XP
 B = Vault XP
 C = Vault XP percentage of total XP
 D = Non-vault monster count
 E = Vault monster count
 F = Vault count percentage of total count
                 A         B        C        D         E       F
            +---------+---------+-------+---------+---------+-------
      Total |      53 |      20 |  27.4 |      26 |       5 |  16.1
            +---------+---------+-------+---------+---------+-------
        D:1 |      29 |       0 |   0.0 |      17 |       0 |   0.0
        D:2 |      24 |      20 |  45.5 |       9 |       5 |  35.7
            +---------+---------+-------+---------+---------+-------
